Match 24276141
Unlisted

Match 24276141
End
Construct Barracks
Riflemen Squad
1⁄4-ton 4x4 Truck
Grenade Package
Riflemen Squad
Riflemen Squad
Selects Advanced Infantry Battlegroup
Selects Convert to Ranger Squad
Mechanized Support Center
Convert to Ranger Squad
Selects Frontline Medical Station
Frontline Medical Station
Construct Motor Pool
M1 Anti-tank Gun Team
M8 Greyhound Armored Car
M1918 Browning Automatic Rifles
Selects Artillery Observers
Selects M2A1 105mm Howitzer Emplacement
Engineer Squad
Designate Forward Repair Station
Selects Free Fire Drills
Construct Tank Depot
Frontline Medical Station
M18 Hellcat Tank Destroyer
Engineer Squad
Designate Forward Repair Station
Selects Ranger Weapon Training
Construct Medical Station
Frontline Medical Station
Ondor
Khalax
shrpshny
insane
UH|ck
iceman
0
0

Comments sign in to comment!

No comments posted yet!